 Dungeon Crawl Stone Soup version 0.31.0-9-g3a7656b989 (webtiles) character file.

Game seed: 7197160693641893294

81 qw the Shooter (level 4, -3/25 HPs)
             Began as a Deep Elf Hunter on Feb 2, 2024.
             Killed by nerve-wracking pain
             ... invoked by Grinder
              (13 damage)
             ... on level 3 of the Dungeon.
             The game lasted 00:00:07 (1887 turns).

qw the Shooter (Deep Elf Hunter)                    Turns: 1887, Time: 00:00:08

Health: -3/25      AC:  7    Str: 10    XL:     4   Next: 20%
Magic:  6/6        EV: 11    Int: 14    God:
Gold:   119        SH:  0    Dex: 18    Spells: 3/3 levels left

rFire   . . .        a - +0 shortbow
rCold   . . .        (shield currently unavailable)
rNeg    . . .        c - +0 ring mail
rPois   .            g - +0 helmet
rElec   .            (no cloak)
rCorr   .            f - +0 pair of gloves
SInv    .            (no boots)
Will    .....        e - amulet of the acrobat
Stlth   +            (no ring)
HPRegen 0.24/turn    (no ring)
MPRegen 0.10/turn

%: acrobat
@: no status effects
A: no striking features
a: no special abilities


You were on level 3 of the Dungeon.
You visited 1 branch of the dungeon, and saw 3 of its levels.

You collected 119 gold pieces.


   Skills:
 - Level 1.5 Fighting
 + Level 7.6 Ranged Weapons
 - Level 2.4 Dodging
 - Level 1.2 Stealth


You had 3 spell levels left.
You didn't know any spells.
Your spell library was empty.

Inventory:

Hand Weapons
 a - a +0 shortbow (weapon)
Armour
 c - a +0 ring mail (worn)
 f - a +0 pair of gloves (worn)
 g - a +0 helmet (worn)
Jewellery
 e - an amulet of the acrobat (around neck)
Scrolls
 b - a scroll of identify
Potions
 h - a potion of curing
 i - a potion of haste {unknown}

Dungeon Overview and Level Annotations

Branches:
Dungeon (3/15)

Altars:

Annotations:
D:3 Grinder


Message History

The arrow hits Grinder but does no damage.
Grinder is moderately wounded.
Grinder hits you.
You shoot an arrow. The arrow barely misses Grinder.
Grinder barely misses you.
You shoot an arrow. The arrow closely misses Grinder.
Grinder barely misses you.
You shoot an arrow. The arrow hits Grinder.
Grinder is heavily wounded.
Grinder hits you.
You writhe in agony.
You shoot an arrow. The arrow closely misses Grinder.
Grinder hits you but does no damage.
You shoot an arrow. The arrow hits Grinder.
Grinder is heavily wounded.
Grinder hits you but does no damage. Grinder gestures at you.
You suddenly lose the ability to move!
Grinder hits you. Grinder hits you but does no damage.
Grinder hits you but does no damage.
Grinder blinks!
You can move again.
You shoot an arrow. The arrow hits Grinder.
Grinder is heavily wounded.
Grinder gestures at you. You resist with significant effort.
You shoot an arrow. The arrow hits Grinder.
Grinder is severely wounded.
You shoot an arrow. The arrow hits Grinder.
Grinder is severely wounded.
You shoot an arrow. The arrow hits Grinder!
Grinder is almost dead.
Grinder hits you.
You writhe in agony.
You shoot an arrow. The arrow hits Grinder.
Grinder is almost dead.
Grinder gestures at you. Pain shoots through your body!
Ouch! That really hurt!
You die...
Grinder sighs, "Dead already?
I want a refund."

~~~~~~~.# ~~~~~~~~#
~..~~~~.#
~7_.~~~~~##############
~~.7~~~...............#
~~~~~~~...............#
~~~~~~~~..............#
~~~~~~~5..........)...#
~.~.~.~@~.............#
.~.....~..............#
....[.................##
........................
......................##
......................#
..................%...#
.^....................#
....................#


You could see Grinder.

Vanquished Creatures
  An adder (D:2)
  3 ribbon worms
  A dart slug (D:2)
  4 orcs
  5 ball pythons
  6 endoplasms
  2 giant cockroaches
  3 hobgoblins
  2 jackals (D:2)
  2 quokkas
  4 bats
  11 frilled lizards
  7 goblins
  3 kobolds
  3 rats
57 creatures vanquished.

Notes
Turn   | Place    | Note
-------+----------+-------------------------------------------
     0 | D:1      | qw the Deep Elf Hunter began the quest for the Orb.
     0 | D:1      | Reached XP level 1. HP: 12/12 MP: 3/3
     0 | D:1      | 0 ||| qw: Version: 0.3-a-155-g5e7d8dd
     0 | D:1      | 0 ||| qw: Game counter: 2645
     0 | D:1      | 0 ||| qw: Melee chars always use a shield: true
     0 | D:1      | 0 ||| qw: God list: Okawaru
     0 | D:1      | 0 ||| qw: Allow faded altars: false
     0 | D:1      | 0 ||| qw: Do Orc after clearing Dungeon:15 true
     0 | D:1      | 0 ||| qw: Do second Lair branch before Depths: true
     0 | D:1      | 0 ||| qw: Lair rune preference: random
     0 | D:1      | 0 ||| qw: Goals: Normal
     0 | D:1      | 0 ||| PLANNING D:1-11
   152 | D:1      | Reached XP level 2. HP: 16/16 MP: 4/4
   181 | D:1      | Reached skill level 6 in Ranged Weapons
   670 | D:1      | 670 ||| UPGRADING to +0 pair of gloves.
   675 | D:1      | 675 ||| UPGRADING to +0 helmet.
   680 | D:1      | 680 ||| UPGRADING to +0 scale mail.
   690 | D:1      | 690 ||| DROPPING +0 leather armour.
   691 | D:1      | 691 ||| READING scroll labelled GIM TERISTOUZ.
   691 | D:1      | 691 ||| IDENTIFYING puce potion
   692 | D:1      | 692 ||| READING scroll labelled VARAOD PAF.
   693 | D:1      | 693 ||| READING scroll labelled JEFAYR QARURU.
   694 | D:1      | 694 ||| DRINKING 2 inky potions.
   695 | D:1      | 695 ||| DROPPING scroll of butterflies.
   796 | D:2      | Reached XP level 3. HP: 17/20 MP: 5/5
  1168 | D:2      | Reached skill level 7 in Ranged Weapons
  1488 | D:2      | 1488 ||| UPGRADING to +0 ring mail.
  1498 | D:2      | 1498 ||| DROPPING +0 scale mail.
  1499 | D:2      | 1499 ||| UPGRADING to amulet of the acrobat.
  1504 | D:2      | 1504 ||| READING scroll labelled ZEASHO LOFI.
  1505 | D:2      | 1505 ||| READING scroll labelled PORAIX HINEV.
  1549 | D:3      | 1549 ||| PLANNING SEWER
  1552 | D:3      | 1552 ||| STAIRDANCE
  1592 | D:3      | Reached XP level 4. HP: 25/25 MP: 6/6
  1855 | D:3      | Found a faded altar of an unknown god.
  1862 | D:3      | Noticed Grinder
  1870 | D:3      | HP: 3/25 [Grinder (6)]
  1871 | D:3      | 1871 ||| DRINKING potion of heal wounds.
  1878 | D:3      | Paralysed by Grinder for 5 turns
  1887 | D:3      | Killed from afar by Grinder

Levels and vault maps discovered:
D:1:      amcnicky_arrival_choice, layout_basic, minmay_tetromino_o4
D:2:      layout_basic
D:3:      layout_basic, mainiacjoe_sewer_entry_somewhere_in_here_1,
          chequers_ecumenical_altar_island, serial_shops,
          nicolae_shop_real_fake_doors, uniq_crazy_yiuf_cottage, uniq_grinder

Skill      XL: |  1  2  3 |
---------------+----------+-----
Ranged Weapons | 6 7 |  7.6
Fighting       | |  1.5
Dodging        | |  2.4
Stealth        | |  1.2

Action                     |  1- 3 |  4- 6 || total
---------------------------+-------+-------++-------
   Fire: Shortbow          |   135 |    36 ||   171
    Use: Scroll            |     5 |       ||     5
         Potion            |     1 |     1 ||     2
 Armour: Leather armour    |     7 |       ||     7
         Scale mail        |    37 |       ||    37
         Ring mail         |     2 |    13 ||    15
  Dodge: Dodged            |    35 |     5 ||    40

Table legend:
 A = Non-vault XP
 B = Vault XP
 C = Vault XP percentage of total XP
 D = Non-vault monster count
 E = Vault monster count
 F = Vault count percentage of total count
                 A         B        C        D         E       F
            +---------+---------+-------+---------+---------+-------
      Total |     113 |       4 |   3.4 |      54 |       3 |   5.3
            +---------+---------+-------+---------+---------+-------
        D:1 |      30 |       4 |  11.8 |      20 |       3 |  13.0
        D:2 |      57 |       0 |   0.0 |      23 |       0 |   0.0
        D:3 |      26 |       0 |   0.0 |      11 |       0 |   0.0
            +---------+---------+-------+---------+---------+-------
